 Dungeon Crawl Stone Soup version 0.14-a0-3350-g14ab857 (webtiles) character file.

456 Sabsy the Sneak (level 6, 0/44 HPs)
             Began as a Vampire Assassin on Mar 17, 2014.
             Slain by a gnoll
             ... wielding a +0,+0 flail
              (11 damage)
             ... on Level 3 of the Dungeon on Mar 18, 2014.
             The game lasted 00:19:20 (4926 turns).

Sabsy the Sneak (Vampire Assassin)                  Turns: 4926, Time: 00:19:20

HP   0/44        AC  5     Str 10      XL: 6   Next: 11%
MP   6/6         EV 13     Int 13      God:
Gold 163         SH  0     Dex 17      Spells:  0 memorised,  5 levels left

rFire  + + .     SeeInvis +     a - +2 dagger
rCold  + . .     Clarity  .     u - +1 leather armour {rF+}
rNeg   + + +     Conserve .     (no shield)
rPois  +         rCorr    .     (no helmet)
rElec  .         rRot     +     d - +0 cloak
SustAb . .       Spirit   .     (no gloves)
rMut   .         Warding  .     (no boots)
Saprov . . .     Stasis   .     (no amulet)
MR     +....                    h - ring of protection from magic
                                r - ring of fire

@: non-regenerating, somewhat resistant to hostile enchantments, very stealthy
A: bottle blood, fangs 3, see invisible, unbreathing
a: Bat Form, Bottle Blood


You were on level 3 of the Dungeon.
You were bloodless.

You visited 1 branch of the dungeon, and saw 4 of its levels.

You collected 163 gold pieces.

Inventory:

Hand weapons
 a - a +2,+2 dagger (weapon)
 b - a +0 blowgun
 o - a +1,+2 long sword of distortion
Missiles
 e - 32 poisoned needles
 f - a curare-tipped needle
 s - 2 tomahawks (quivered)
Armour
 c - a +0 robe
 d - a +0 cloak (worn)
 u - a +1 leather armour of fire resistance (worn)
Scrolls
 i - a scroll of amnesia
 j - 2 scrolls of remove curse
 k - 3 scrolls of fear
Jewellery
 h - a ring of protection from magic (right hand)
 r - a ring of fire (left hand)
Potions
 m - a potion of lignification
 t - a potion of magic


   Skills:
 - Level 1.7 Fighting
 - Level 3.4 Short Blades
 - Level 2.7 Throwing
 + Level 4.3 Dodging
 * Level 7.3 Stealth


You had 5 spell levels left.
You didn't know any spells.

Dungeon Overview and Level Annotations

Branches:
Dungeon (4/15)
 Temple: D:4-7

Altars:
Sif Muna
Zin

Annotations:
D:4 Pikel


Innate Abilities, Weirdness & Mutations

You do not heal naturally.
You can bottle blood from corpses.
You have razor-sharp teeth.*
You have supernaturally acute eyesight.
You can survive without breathing.*


Message History

You hit the gnoll.
The gnoll is lightly wounded.
You hit the gnoll.
The gnoll is lightly wounded.
The gnoll barely misses you.
You hit the gnoll.
The gnoll is moderately wounded.
The gnoll closely misses you.
You barely miss the gnoll.
The gnoll is moderately wounded.
You hit the gnoll.
The gnoll is heavily wounded.
The gnoll barely misses you.
You hit the gnoll.
The gnoll is severely wounded.
The gnoll misses you.
You barely miss the gnoll.
The gnoll is severely wounded.
The gnoll hits you with a flail!
You die...

.....####### #..# .#.#.......#
#..# ..%...#....# #.g#####
...........####..#...## ###
......#.......)...[...## #..
##.#..###..######......########.#
......##...# #....)............
...#.......# #g#...#.#######..#
...#.###...# #@##..#.# #..#
#..#.# #...# ##.###.#.# #...
.%...# #...# #...##[#.# #####.##
#..### #...# #........###.......
#..#####...####...).....##.......
...................#..#.##.......
...................#.............
#..................#.##.##!......
...#####...#######.#....##..%....


You could see a gnoll.

Vanquished Creatures
  A slave (D:3)
  A hound (D:3)
  2 orc wizards (D:3)
  2 worker ants (D:4)
  Ijyb (D:2)
  4 adders
  3 worms (D:3)
  9 orcs
  4 giant cockroaches
  9 goblins
  6 hobgoblins
  2 oozes
  8 bats
  5 giant newts
  10 kobolds
  A kobold zombie (D:3)
  A quokka (D:3)
  9 rats
78 creatures vanquished.

Notes
Turn   | Place    | Note
--------------------------------------------------------------
     0 | D:1      | Sabsy, the Vampire Assassin, began the quest for the Orb.
     0 | D:1      | Reached XP level 1. HP: 16/16 MP: 1/1
   173 | D:1      | Reached XP level 2. HP: 22/22 MP: 2/2
   733 | D:2      | Noticed Ijyb
   752 | D:2      | Killed Ijyb
   752 | D:2      | Reached XP level 3. HP: 22/27 MP: 3/3
   918 | D:2      | Reached XP level 4. HP: 29/33 MP: 4/4
  1032 | D:2      | Found a glowing silver altar of Zin.
  1314 | D:3      | Reached XP level 5. HP: 38/38 MP: 5/5
  1375 | D:3      | Reached skill level 6 in Stealth
  1880 | D:3      | Reached skill level 7 in Stealth
  2223 | D:4      | Found a deep blue altar of Sif Muna.
  2386 | D:4      | Reached XP level 6. HP: 12/44 MP: 6/6
  2718 | D:4      | Noticed a slave
  2722 | D:4      | Noticed Pikel
  2724 | D:4      | Noticed a slave
  4862 | D:3      | Killed a slave
  4926 | D:3      | Slain by a gnoll

Action                   |  1- 3 |  4- 6 || total
-------------------------+-------+-------++-------
Melee: Dagger            |    95 |   186 ||   281
 Fire: Blowgun           |     2 |     5 ||     7
Throw: Tomahawk          |     2 |     2 ||     4
  Use: Potion            |     1 |     6 ||     7
       Scroll            |       |    10 ||    10
 Stab: Sleeping          |     7 |    13 ||    20
